 Dungeon Crawl Stone Soup version 0.31.0-9-g3a7656b989 (webtiles) character file.

Game seed: 6435048311108376082

14 qw the Shooter (level 2, -5/14 HPs)
             Began as a Spriggan Hunter on Feb 2, 2024.
             Slain by Natasha (8 damage)
             ... on level 2 of the Dungeon.
             The game lasted 00:00:01 (567 turns).

qw the Shooter (Spriggan Hunter)                     Turns: 567, Time: 00:00:02

Health: -5/14      AC:  2    Str:  7    XL:     2   Next: 31%
Magic:  3/3        EV: 19    Int: 10    God:
Gold:   34         SH:  0    Dex: 18    Spells: 1/1 levels left

rFire   . . .        a - +1 shortbow (heavy)
rCold   . . .        (shield currently unavailable)
rNeg    . . .        c - +0 robe
rPois   .            (helmet restricted)
rElec   .            (no cloak)
rCorr   .            (gloves unavailable)
SInv    +            (boots unavailable)
Will    .....        (no amulet)
Stlth   ++           (no ring)
HPRegen 0.22/turn    (no ring)
MPRegen 0.08/turn

%: no passive effects
@: very quick
A: very small, no large weapons, unfitting armour, see invisible, speed 3
a: no special abilities


You were on level 2 of the Dungeon.
You visited 1 branch of the dungeon, and saw 2 of its levels.

You collected 34 gold pieces.


Innate Abilities, Weirdness & Mutations

You are very small and have problems with some larger weapons.
You are too small for most types of armour.
You have supernaturally acute eyesight. (SInv)
You cover ground extremely quickly. (Speed+++)


   Skills:
 - Level 1.5 Fighting
 + Level 4.0 Ranged Weapons
 - Level 4.0 Dodging
 - Level 1.5 Stealth


You had one spell level left.
You didn't know any spells.
Your spell library was empty.

Inventory:

Hand Weapons
 a - a +1 heavy shortbow (weapon)
Armour
 c - a +0 robe (worn)
Scrolls
 e - a scroll of brand weapon

Dungeon Overview and Level Annotations

Branches:
Dungeon (2/15)

Altars:

Annotations:
D:2 Natasha


Message History

What level of the Dungeon? (default 1, ? - help)
There is a stone staircase leading down here.
You climb downwards.
There is a stone staircase leading up here.
Waypoint 1 assigned to D:2.
Natasha, Servant of Life and Death comes into view.
You shoot an arrow. The arrow hits Natasha.
Natasha hisses angrily.
Natasha is moderately wounded.
Natasha stares at you and mumbles some strange words.
You feel yourself slow down.
559 ||| FLEEEEING.
Natasha casts a spell.
560 ||| FLEEEEING.
You start waiting.
Natasha is nearby!
You shoot an arrow. The arrow completely misses Natasha.
Natasha casts a spell at you. The magic dart hits you.
Natasha mumbles some strange words.
Natasha claws you.
You shoot an arrow. The arrow completely misses Natasha.
The cerulean imp hits you with a +2 spear.
Natasha closely misses you.
The cerulean imp hits you but does no damage.
Natasha barely misses you.
You shoot an arrow. The arrow barely misses Natasha.
You feel yourself speed up. The cerulean imp misses you.
Natasha barely misses you. The cerulean imp closely misses you.
Natasha claws you.
Natasha stares at you and mumbles some strange words.
You resist with some effort. The cerulean imp misses you.
You shoot an arrow. The arrow hits Natasha.
Natasha is severely wounded.
The cerulean imp misses you.
Natasha mumbles some strange words.
Natasha claws you!
Ouch! That really hurt!
You die...
Natasha curls up and begins to purr.

####### #.....#
#.###.#.#########
#.# #<#.h......5#
#.#############h#
#..........# #@#
##########.# #5#
#.# #.# #.# #.#
#.####.# #......#
########


You could see Natasha and 2 cerulean imps.

Vanquished Creatures
  A dart slug (D:1)
  3 goblins (D:1)
  A quokka (D:1)
  A ball python (D:1)
  2 bats (D:1)
  3 kobolds (D:1)
  2 rats (D:1)
13 creatures vanquished.

Notes
Turn   | Place    | Note
-------+----------+-------------------------------------------
     0 | D:1      | qw the Spriggan Hunter began the quest for the Orb.
     0 | D:1      | Reached XP level 1. HP: 10/10 MP: 2/2
     0 | D:1      | 0 ||| qw: Version: 0.3-a-155-g5e7d8dd
     0 | D:1      | 0 ||| qw: Game counter: 1810
     0 | D:1      | 0 ||| qw: Melee chars always use a shield: true
     0 | D:1      | 0 ||| qw: God list: Okawaru
     0 | D:1      | 0 ||| qw: Allow faded altars: false
     0 | D:1      | 0 ||| qw: Do Orc after clearing Dungeon:15 true
     0 | D:1      | 0 ||| qw: Do second Lair branch before Depths: true
     0 | D:1      | 0 ||| qw: Lair rune preference: random
     0 | D:1      | 0 ||| qw: Goals: Normal
     0 | D:1      | 0 ||| PLANNING D:1-11
    99 | D:1      | Found a faded altar of an unknown god.
   125 | D:1      | Reached skill level 3 in Dodging
   176 | D:1      | Reached XP level 2. HP: 14/14 MP: 3/3
   491 | D:1      | 491 ||| DROPPING amulet of magic regeneration.
   492 | D:1      | 492 ||| READING scroll labelled PUZ RUMOYRI.
   492 | D:1      | 492 ||| ENCHANTING +0 shortbow.
   493 | D:1      | 493 ||| READING 2 scrolls labelled JEKYICZ BOFE.
   493 | D:1      | 493 ||| BRANDING +1 shortbow.
   494 | D:1      | 494 ||| READING scroll labelled JUKEBUQOPT.
   499 | D:1      | 499 ||| READING scroll labelled NONECK QIDEFF.
   500 | D:1      | 500 ||| DROPPING scroll of butterflies.
   557 | D:2      | Noticed Natasha
   559 | D:2      | 559 ||| FLEEEEING.
   560 | D:2      | 560 ||| FLEEEEING.
   566 | D:2      | HP: 3/14 [Natasha (4)]
   567 | D:2      | Slain by Natasha

Levels and vault maps discovered:
D:1:      kennysheep_arrival_forest, layout_basic, basic_ecumenical_altar
D:2:      layout_basic, feat_on_display, uniq_natasha

Skill      XL: |  1  2 |
---------------+-------+-----
Dodging        | 3 4 |  4.0
Fighting       | |  1.5
Ranged Weapons | |  4.0
Stealth        | |  1.5

Action                     || total
---------------------------++-------
   Fire: Shortbow          ||    26
    Use: Scroll            ||     4
 Armour: Robe              ||     6
  Dodge: Dodged            ||     9

Table legend:
 A = Non-vault XP
 B = Vault XP
 C = Vault XP percentage of total XP
 D = Non-vault monster count
 E = Vault monster count
 F = Vault count percentage of total count
                 A         B        C        D         E       F
            +---------+---------+-------+---------+---------+-------
      Total |      21 |       0 |   0.0 |      13 |       0 |   0.0
            +---------+---------+-------+---------+---------+-------
        D:1 |      21 |       0 |   0.0 |      13 |       0 |   0.0
            +---------+---------+-------+---------+---------+-------
